 Dungeon Crawl Stone Soup version 0.29.0-4-gdea44cf6ec (webtiles) character file.

Game seed: 11987335849630869576

622 qw the Cleaver (level 7, -5/41 HPs)
             Began as a Tengu Warper on Aug 28, 2022.
             Slain by Duvessa
             ... wielding a +1 short sword of venom
              (18 damage)
             ... on level 5 of the Dungeon.
             The game lasted 00:00:23 (4606 turns).

qw the Cleaver (Tengu Warper)                       Turns: 4606, Time: 00:00:23

Health: -5/41      AC:  5    Str: 14    XL:     7   Next: 46%
Magic:  11/11      EV: 14    Int: 13    God:
Gold:   60         SH:  0    Dex: 13    Spells: 10/10 levels left

rFire   + . .      SeeInvis +   j - +0 broad axe (spect)
rCold   + . .      Faith    .   (no shield)
rNeg    . . .      Spirit   .   s - +2 leather armour {rC+}
rPois   .          Reflect  .   (helmet restricted)
rElec   .          Harm     .   (no cloak)
rCorr   .          Rampage  .   (no gloves)
Will    .....                   (boots unavailable)
Stlth   +.........              (no amulet)
HPRegen 0.13/turn               b - ring of protection from fire
MPRegen 0.12/turn               k - ring of see invisible

@: lethally poisoned (-5 -> -16), flying quickly and evasively, quick
A: beak, talons 3, nimble flight
a: no special abilities


You were on level 5 of the Dungeon.
You visited 1 branch of the dungeon, and saw 5 of its levels.

You collected 181 gold pieces.
You spent 121 gold pieces at shops.


Innate Abilities, Weirdness & Mutations

You have a beak for a mouth.
You have claws for feet.
Your magical nature lets you fly swiftly and evasively.


   Skills:
 - Level 3.1 Fighting
 + Level 8.1 Axes
 - Level 1.0 Throwing
 - Level 1.1 Armour
 - Level 3.0 Dodging
 - Level 2.0 Spellcasting
 - Level 2.4 Translocations


You had 10 spell levels left.
You didn't know any spells.
Your spell library contained the following spells:

 Spells                   Type           Power      Damage    Failure   Level
 Blink                    Tloc           14%        N/A       19%         2
 Gell's Gravitas          Tloc           7%         N/A       34%         3
 Lesser Beckoning         Tloc           7%         N/A       34%         3
 Teleport Other           Tloc           7%         N/A       34%         3
 Manifold Assault         Tloc           7%         N/A       97%         5

Inventory:

Hand Weapons
 h - a +0 flail
 j - a +0 spectral broad axe (weapon)
Missiles
 l - 5 silver boomerangs (quivered)
Armour
 g - a +0 ring mail
 m - a +1 robe of fire resistance
 s - a +2 leather armour of cold resistance (worn)
Jewellery
 a - a ring of protection from fire
 b - a ring of protection from fire (left hand)
 k - a ring of see invisible (right hand)
Potions
 c - a potion of flight {unknown}
 d - a potion of mutation {unknown}
 e - a potion of brilliance {unknown}
 f - a potion of berserk rage {unknown}
 i - 2 potions of haste
 n - a potion of resistance {unknown}
 o - 2 potions of heal wounds {unknown}
 p - a potion of ambrosia {unknown}
 q - a potion of cancellation
 r - 2 potions of curing

Dungeon Overview and Level Annotations

Branches:
Dungeon (5/15)
 Temple: D:4-7

Altars:

Shops:
D:3 !

Annotations:
D:4 1 runed translucent door, qw's ghost, amateur TeWr
D:5 Duvessa


Message History

Dowan draws strength from your wounds!
You slash Dowan! Your kick misses Dowan.
Dowan is almost dead.
Your +0 spectral broad axe hits Dowan!
You kill Dowan!
You hear a distant scream of rage.
Your Axes skill increases to level 8!
You start resting.
HP restored.
o - 2 brown potions (gained 1)
Things that are here:
a +1 vampiric dagger; a +2 robe of positive energy; the elf corpse of Dowan Duvessa, Sister of Dowan comes into view.
She is wielding a +1 short sword of venom.
Duvessa shouts!
Duvessa goes berserk!
Throw: 5 boomerangs (silver)
Press: ? - help, Q - select action Shift-Dir - straight line, f - Duvessa You throw a silver boomerang.
The silver boomerang hits Duvessa but does no damage.
Duvessa is lightly wounded.
Duvessa closely misses you.
You slash Duvessa! You claw Duvessa! Your peck misses Duvessa.
Duvessa is moderately wounded.
Your +0 spectral broad axe hits Duvessa!!
Duvessa completely misses you.
Duvessa hits you with a +1 short sword of venom.
You are poisoned.
You hit Duvessa but do no damage. Your kick misses Duvessa.
Duvessa is severely wounded.
Your +0 spectral broad axe barely misses Duvessa.
You feel very sick.
Duvessa hits you with a +1 short sword of venom!
You are more poisoned.
You hit Duvessa but do no damage. You claw Duvessa, but do no damage.
Duvessa is severely wounded.
Your +0 spectral broad axe hits Duvessa!
You feel very sick. Duvessa barely misses you.
Duvessa hits you with a +1 short sword of venom!!
You die...

#.......########..#
####.......##.....#
#######.#####.##)#####
......%.# #.#..#
######### #....#
#.#### ##### #.#
......#(# ......e@#
.......## .......
......# ##.### #. #


You could see Duvessa (berserk) and a friendly +0 spectral broad axe (summoned).

Vanquished Creatures
  Blork the orc (D:4)
  A scorpion (D:5)
  Dowan (D:5)
  A howler monkey (D:4)
  A gnoll bouda (D:4)
  A hound (D:4)
  4 iguanas (D:4)
  4 gnolls
  12 adders
  An ufetubus (D:4)
  A worm (D:2)
  3 dart slugs
  7 orcs
  5 ball pythons
  2 bats (D:1)
  4 endoplasms
  4 giant cockroaches
  7 goblins
  5 hobgoblins
  3 jackals (D:4)
  7 kobolds
  6 frilled lizards
  4 rats
85 creatures vanquished.

Notes
Turn   | Place    | Note
-------+----------+-------------------------------------------
     0 | D:1      | qw the Tengu Warper began the quest for the Orb.
     0 | D:1      | Reached XP level 1. HP: 12/12 MP: 4/4
     0 | D:1      | 0 ||| qw: Version: 0.1-a-89-g26bdef1
     0 | D:1      | 0 ||| qw: Game counter: 163
     0 | D:1      | 0 ||| qw: Always use a shield: true
     0 | D:1      | 0 ||| qw: God list: Okawaru
     0 | D:1      | 0 ||| qw: Allow faded altars: false
     0 | D:1      | 0 ||| qw: Do Orc after D:15 true
     0 | D:1      | 0 ||| qw: Do second Lair branch before Depths: true
     0 | D:1      | 0 ||| qw: Lair rune preference: random
     0 | D:1      | 0 ||| qw: Plans: Normal
     0 | D:1      | 0 ||| PLANNING D:1-11
   328 | D:1      | Reached skill level 3 in Axes
   328 | D:1      | Reached XP level 2. HP: 17/17 MP: 6/6
   487 | D:1      | 487 ||| Stepping ~*~*~tactically~*~*~ (stealth).
   490 | D:1      | 490 ||| Stepping ~*~*~tactically~*~*~ (stealth).
   493 | D:1      | 493 ||| Stepping ~*~*~tactically~*~*~ (stealth).
   571 | D:1      | 571 ||| DROPPING +0 club.
   574 | D:1      | 574 ||| DROPPING +0 whip.
   771 | D:1      | Reached XP level 3. HP: 21/21 MP: 7/7
  1147 | D:1      | 1147 ||| UPGRADING to +0 ring mail.
  1157 | D:1      | 1157 ||| DROPPING +0 leather armour.
  1158 | D:1      | 1158 ||| READING scroll labelled SUJUSMIZOT.
  1159 | D:1      | 1159 ||| READING scroll labelled FIGIGUO DUKHO.
  1160 | D:1      | 1160 ||| READING scroll labelled XAW ONORIO.
  1161 | D:1      | 1161 ||| DROPPING scroll of blinking.
  1252 | D:2      | Reached skill level 4 in Axes
  1292 | D:2      | 1292 ||| Stepping ~*~*~tactically~*~*~ (hiding).
  1789 | D:2      | Found a faded altar of an unknown god.
  1883 | D:2      | 1883 ||| UPGRADING to ring of protection from fire.
  1884 | D:2      | 1884 ||| DRINKING 2 smoky white potions.
  1885 | D:2      | 1885 ||| DROPPING potion of degeneration.
  1914 | D:3      | 1914 ||| Stepping ~*~*~tactically~*~*~ (stealth).
  2008 | D:3      | Reached XP level 4. HP: 26/26 MP: 8/8
  2110 | D:3      | 2110 ||| Stepping ~*~*~tactically~*~*~ (stealth).
  2297 | D:3      | 2297 ||| Stepping ~*~*~tactically~*~*~ (stealth).
  2300 | D:3      | 2300 ||| Stepping ~*~*~tactically~*~*~ (stealth).
  2305 | D:3      | Reached skill level 5 in Axes
  2316 | D:3      | 2316 ||| Stepping ~*~*~tactically~*~*~ (stealth).
  2494 | D:3      | 2494 ||| Stepping ~*~*~tactically~*~*~ (hiding).
  2665 | D:3      | Found Qicwam's Distillery.
  2673 | D:3      | 2673 ||| BUYING potion of cancellation (88 gold).
  2673 | D:3      | Bought a potion of cancellation for 88 gold pieces
  2673 | D:3      | 2673 ||| BUYING potion of curing (33 gold).
  2673 | D:3      | Bought a potion of curing for 33 gold pieces
  2972 | D:3      | 2972 ||| UPGRADING to +2 leather armour of cold resistance.
  2982 | D:3      | 2982 ||| UPGRADING to ring of see invisible.
  2983 | D:3      | 2983 ||| READING 2 scrolls labelled DOEZXA BYOLE.
  2987 | D:3      | 2987 ||| READING 2 scrolls labelled SURAME ROSOGY.
  2988 | D:3      | 2988 ||| READING 2 scrolls labelled GETHRA OLEWNOHI.
  2989 | D:3      | 2989 ||| READING scroll labelled IKAAMUW LUNA.
  2990 | D:3      | 2990 ||| DROPPING scroll of butterflies.
  2991 | D:3      | 2991 ||| DROPPING scroll of immolation.
  3026 | D:4      | 3026 ||| Stepping ~*~*~tactically~*~*~ (stealth).
  3031 | D:4      | Gained mutation: Your magical nature lets you fly swiftly
                  | and evasively. [Tengu growth]
  3031 | D:4      | Reached XP level 5. HP: 30/30 MP: 9/9
  3033 | D:4      | 3033 ||| Stepping ~*~*~tactically~*~*~ (stealth).
  3048 | D:4      | Reached skill level 6 in Axes
  3051 | D:4      | 3051 ||| FLEEEEING.
  3052 | D:4      | 3052 ||| FLEEEEING.
  3056 | D:4      | 3056 ||| STAIRDANCE
  3293 | D:4      | 3293 ||| Stepping ~*~*~tactically~*~*~ (stealth).
  3298 | D:4      | Reached XP level 6. HP: 35/35 MP: 10/10
  3301 | D:4      | 3301 ||| FLEEEEING.
  3302 | D:4      | 3302 ||| FLEEEEING.
  3303 | D:4      | 3303 ||| FLEEEEING.
  3304 | D:4      | 3304 ||| FLEEEEING.
  3314 | D:4      | Reached skill level 7 in Axes
  3406 | D:4      | Noticed Blork the orc
  3415 | D:4      | Killed Blork the orc
  3416 | D:4      | Reached skill level 3 in Fighting
  3583 | D:4      | 3583 ||| SWAPPING to +0 broad axe.
  3584 | D:4      | 3584 ||| DROPPING +1 hand axe of freezing.
  3648 | D:4      | 3648 ||| Stepping ~*~*~tactically~*~*~ (stealth).
  3656 | D:4      | Reached skill level 3 in Dodging
  3762 | D:4      | Found a runed translucent door.
  3763 | D:4      | Noticed qw's ghost (amateur TeWr)
  3796 | D:4      | Reached XP level 7. HP: 30/41 MP: 11/11
  3964 | D:4      | 3964 ||| READING scroll of brand weapon.
  3964 | D:4      | 3964 ||| BRANDING +0 broad axe.
  4412 | D:4      | 4412 ||| READING scroll labelled AREABB EWIYNEO.
  4413 | D:4      | 4413 ||| READING scroll labelled NAMUON LETE.
  4414 | D:4      | 4414 ||| DRINKING 3 lumpy white potions.
  4415 | D:4      | 4415 ||| READING scroll of teleportation.
  4491 | D:5      | Entered Level 5 of the Dungeon
  4548 | D:5      | Noticed Dowan
  4549 | D:5      | 4549 ||| Stepping ~*~*~tactically~*~*~ (hiding).
  4558 | D:5      | Killed Dowan
  4559 | D:5      | Reached skill level 8 in Axes
  4601 | D:5      | Noticed Duvessa
  4606 | D:5      | Slain by Duvessa

Levels and vault maps discovered:
D:1:      onia_arrival_mini_maze, layout_basic, amethyst_killhole,
          minmay_misc_feat_five
D:2:      layout_loops_ring, shapermc_ecumenical_altar_mp_vishouse
D:3:      minmay_recursive_quarters, layout_loops_corners, serial_shops,
          nicolae_shop_stone
D:4:      layout_loops_cross, ebering_ghost_sewer_d, minmay_between,
          uniq_blork_the_orc
D:5:      layout_basic, mainiacjoe_overflow_alcove_4, uniq_sigmund,
          uniq_duvessa, uniq_edmund, uniq_ijyb

Skill      XL: |  1  2  3  4  5  6  7 |
---------------+----------------------+-----
Axes           | 3 4 5 6 7 8 |  8.1
Fighting       | 3 |  3.1
Dodging        | 3 |  3.0
Throwing       | |  1.0
Armour         | |  1.1
Spellcasting   | |  2.0
Translocations | |  2.4

Action                   |  1- 3 |  4- 6 |  7- 9 || total
-------------------------+-------+-------+-------++-------
Melee: Hand axe          |    61 |    79 |       ||   140
       Kick              |    13 |    23 |     6 ||    42
       Peck              |     7 |    12 |     1 ||    20
       Punch             |       |     3 |       ||     3
       Broad axe         |       |    15 |    25 ||    40
Throw: Boomerang         |     7 |    43 |    12 ||    62
  Use: Scroll            |     3 |     4 |     4 ||    11
       Potion            |     1 |       |     1 ||     2
 Stab: Distracted        |       |     1 |       ||     1
Armor: Leather armour    |     6 |     7 |     3 ||    16
       Ring mail         |     8 |    10 |       ||    18
Dodge: Dodged            |    20 |    39 |    17 ||    76

Table legend:
 A = Non-vault XP
 B = Vault XP
 C = Vault XP percentage of total XP
 D = Non-vault monster count
 E = Vault monster count
 F = Vault count percentage of total count
                 A         B        C        D         E       F
            +---------+---------+-------+---------+---------+-------
      Total |     635 |     254 |  28.6 |      73 |      12 |  14.1
            +---------+---------+-------+---------+---------+-------
        D:1 |      33 |       1 |   2.9 |      19 |       1 |   5.0
        D:2 |      44 |       0 |   0.0 |       8 |       0 |   0.0
        D:3 |      46 |      22 |  32.4 |      17 |       5 |  22.7
        D:4 |     425 |     156 |  26.9 |      28 |       5 |  15.2
        D:5 |      87 |      75 |  46.3 |       1 |       1 |  50.0
            +---------+---------+-------+---------+---------+-------
